 Dungeon Crawl Stone Soup version 0.32-a0-22-g6ae6769602 (webtiles) character file.

Game seed: 11872636316461800028

91 mightbedylan the Trooper (level 4, -1/41 HPs)
             Began as a Minotaur Fighter on Jan 19, 2024.
             Slain by a jelly (3 damage)
             ... on level 4 of the Dungeon.
             The game lasted 00:07:39 (2290 turns).

mightbedylan the Trooper (Minotaur Fighter)         Turns: 2290, Time: 00:07:39

Health: -1/41      AC: -4    Str: 22    XL:     4   Next: 34%
Magic:  3/3        EV:  9    Int:  5    God:
Gold:   138        SH:  4    Dex: 10    Spells: 3/3 levels left

rFire   . . .        a - +0 war axe
rCold   . . .        c - +0 buckler
rNeg    . . .        b - +0 scale mail
rPois   .            (helmet restricted)
rElec   .            (no cloak)
rCorr   .            (no gloves)
SInv    .            (no boots)
Will    +....        (no amulet) Stlth
                     (no ring)
HPRegen 0.26/turn    (no ring)
MPRegen 0.08/turn

%: no passive effects
@: corroded, enlightened, flying
A: horns 2, retaliatory headbutt
a: no special abilities


You were on level 4 of the Dungeon.
You visited 1 branch of the dungeon, and saw 4 of its levels.

You collected 138 gold pieces.

Inventory:

Hand Weapons
 a - a +0 war axe (weapon)
Missiles
 h - 6 poisoned darts (quivered)
Armour
 b - a +0 scale mail (worn)
 c - a +0 buckler (worn)
 p - a +0 tower shield
Magical Staves
 q - a staff of conjuration
Jewellery
 m - a ring of magical power
 o - a ring of protection from fire
Scrolls
 e - a scroll of blinking
 k - a scroll of teleportation {unknown}
 l - 3 scrolls of fog {unknown}
 n - a scroll of poison {unknown}
 t - a scroll of immolation {unknown}
Potions
 d - 2 potions of might
 f - 6 potions of curing
 g - a potion of berserk rage {unknown}
 i - 2 potions of heal wounds {unknown}
 j - a potion of enlightenment
 r - a potion of lignification {unknown}
 s - a potion of attraction {unknown}
 u - a potion of magic {unknown}


   Skills:
 + Level 4.4 Fighting
 + Level 3.5 Axes
 + Level 4.4 Armour
 + Level 4.3 Shields


You had 3 spell levels left.
You didn't know any spells.
Your spell library was empty.

Dungeon Overview and Level Annotations

Branches:
Dungeon (4/15)
 Temple: D:4-7

Altars:

Shops:
D:1 !


Innate Abilities, Weirdness & Mutations

You have a pair of horns on your head.
You reflexively headbutt those who attack you in melee.


Message History

j - 2 sedimented sapphire potions (gained 1)
You now have 138 gold pieces (gained 17).
You see here 6 stones.
You see here 9 stones.
There is an open door here.
You see here a +0 whip.
u - an amethyst potion You see here a +0 dagger.
Found a stone staircase leading down.
There is a stone staircase leading down here.
Found a spear.
You see here a +0 spear.
Done exploring.
Done exploring.
There is a stone staircase leading down here.
You climb downwards.
Found a stone staircase leading down.
There is a stone staircase leading up here.
A jelly is nearby!
The jelly hits you. The acid corrodes you!
You are splashed with acid.
You hit the jelly but do no damage.
Your hands burn!
Your headbutt misses the jelly. The jelly hits you but does no damage.
You hit the jelly.
Your hands burn!
The jelly is lightly wounded.
You block the jelly's attack.
You slash the jelly!
Your hands burn!
The jelly is severely wounded.
The jelly hits you. The acid corrodes you!
You are splashed with acid!
The jelly hits you.
* * * LOW HITPOINT WARNING * * *
The acid corrodes you!
You are splashed with acid.
* * * LOW HITPOINT WARNING * * *
You hit the jelly but do no damage.
Your hands burn!
* * * LOW HITPOINT WARNING * * *
The jelly is severely wounded.
The jelly barely misses you.
It was a potion of enlightenment.
You feel very buoyant.
You fly up into the air.
The jelly hits you.
You die...

##########
+.......J#
#>.....@.#
#.....<..#
##...##..#
#+# #+##


You could see a jelly.

Vanquished Creatures
  2 adders
  2 ribbon worms
  3 dart slugs
  2 orcs (D:3)
  A ball python (D:3)
  6 bats
  8 endoplasms
  5 giant cockroaches
  9 goblins
  3 hobgoblins
  3 quokkas
  A frilled lizard (D:3)
  4 kobolds
  4 rats
53 creatures vanquished.

Notes
Turn   | Place    | Note
-------+----------+-------------------------------------------
     0 | D:1      | mightbedylan the Minotaur Fighter began the quest for the
                  | Orb.
     0 | D:1      | Reached XP level 1. HP: 19/19 MP: 0/0
   168 | D:1      | Reached XP level 2. HP: 22/27 MP: 1/1
   204 | D:1      | Found Adghonij's Distillery.
   772 | D:2      | Reached XP level 3. HP: 31/33 MP: 2/2
  1589 | D:3      | Reached XP level 4. HP: 41/41 MP: 3/3
  2289 | D:4      | HP: 2/41 [acid (3)]
  2290 | D:4      | Slain by a jelly

Illustrated notes

Levels and vault maps discovered:
D:1:      ldierk_walled_garden_2, layout_loops_cross, serial_shops,
          nicolae_shop_industrial_runoff, serial_bayou_lake_a
D:2:      layout_basic
D:3:      layout_loops_ring, nicolae_eternal_life, supply_closet_lemuel,
          kennysheep_big_empty_room
D:4:      layout_gridville, nicolae_gozag_cash_rules_everything_around_me,
          mainiacjoe_overflow_small_starburst, amcnicky_altar_gilded,
          minmay_temple_entry_large_hall, chequers_serial_rivers_micro_d

Skill      XL: |  1  2 |
---------------+-------+-----
Fighting       | 4 |  4.4
Armour         | 4 |  4.4
Axes           | 3 |  3.5
Shields        | 4 |  4.3

Action                     |  1- 3 |  4- 6 || total
---------------------------+-------+-------++-------
  Melee: War axe           |    80 |    25 ||   105
         Headbutt          |    14 |       ||    14
    Use: Scroll            |     2 |       ||     2
         Potion            |       |     1 ||     1
 Armour: Scale mail        |    48 |    17 ||    65
  Dodge: Dodged            |    41 |     8 ||    49
  Block: Buckler           |    13 |     8 ||    21

Table legend: (Time is in decaauts)
 A = Elapsed time spent in this place.
 B = Non-inter-level travel time spent in this place.
 C = Inter-level travel time spent in this place.
 D = Time resting spent in this place.
 E = Time spent auto-exploring this place.
 F = Levels seen in this place.
 G = Mean time per level.
                   A        B        C        D        E       F      G
               +--------+--------+--------+--------+--------+-----+--------+
         Total |   2346 |   2270 |     76 |      0 |   1879 |   4 |  586.5 |
       Dungeon |   2346 |   2270 |     76 |      0 |   1879 |   4 |  586.5 |
               +--------+--------+--------+--------+--------+-----+--------+

Top non-repeatable levels by time:
     D:3: 865 daAuts
     D:1: 779 daAuts
     D:2: 694 daAuts
     D:4: 7 daAuts
